 Dungeon Crawl Stone Soup version 0.21.1-1-g345015f (webtiles) character file.

20 Iko the Caller (level 2, -7/22 HPs)
             Began as a Ghoul Summoner on June 8, 2018.
             Mangled by Robin
             ... wielding a +7 club
              (11 damage)
             ... on level 2 of the Dungeon.
             The game lasted 00:05:46 (277 turns).

Iko the Caller (Ghoul Summoner)                      Turns: 277, Time: 00:05:47

Health: -7/22      AC:  3    Str: 11    XL:     2   Next: 79%
Magic:  1/3        EV: 12    Int: 10    God:
Gold:   39         SH:  0    Dex:  9    Spells: 1/4 levels left

rFire    + . .     SeeInvis .   h - +0 mace
rCold    . . .     Gourm    .   (no shield)
rNeg     + + +     Faith    .   a - +0 robe
rPois    ∞         Spirit   .   (no helmet)
rElec    .         Reflect  .   (no cloak)
rCorr    .         Harm     .   (no gloves)
MR       .....                  g - +0 pair of boots
Stlth    ++........             (no amulet)
HPRegen  0.00/turn              f - ring of fire
MPRegen  0.08/turn              (no ring)

@: rotting
A: rotting body, claws 1, carnivore, cold resistance 1, negative energy
resistance 3, inhibited regeneration, torment resistance, unbreathing
a: no special abilities


You were on level 2 of the Dungeon.
You were not hungry.

You visited 1 branch of the dungeon, and saw 2 of its levels.

You collected 39 gold pieces.

Inventory:

Hand Weapons
 h - a +0 mace (weapon)
Armour
 a - a +0 robe (worn)
 g - a +0 pair of boots (worn)
Jewellery
 f - a ring of fire (left claw)
Books
 b - a book of Callings

   Spells                             Type                      Level
   a - Summon Small Mammal            Summoning                    1
   b - Call Imp                       Summoning                    2
   c - Call Canine Familiar           Summoning                    3
   d - Summon Guardian Golem          Hexes/Summoning              3
   e - Summon Lightning Spire         Summoning/Air                4
   f - Summon Ice Beast               Ice/Summoning                4
Comestibles
 c - 2 rations


   Skills:
 + Level 0.5 Fighting
 + Level 2.1 Dodging
 + Level 2.2 Stealth
 + Level 0.1 Unarmed Combat
 + Level 1.9 Spellcasting
 + Level 4.0 Summonings


You had one spell level left.
You knew the following spells:

 Your Spells              Type           Power        Failure   Level  Hunger
a - Summon Small Mammal   Summ           #...         6%          1    ##.....
b - Call Imp              Summ           #.......     10%         2    ###....


Dungeon Overview and Level Annotations

Branches:
Dungeon (2/15)

Altars:
Ru

Annotations:
D:2 Robin


Innate Abilities, Weirdness & Mutations

Your body is rotting away.
You thrive on raw meat.
You are immune to poison.
You have sharp fingernails.
You are carnivorous and can eat meat at any time.
Your flesh is cold resistant. (rC+)
You are immune to negative energy. (rN+++)
You do not regenerate when monsters are visible.
You are immune to unholy pain and torment.
You can survive without breathing.


Message History

The goblin hits your shadow imp but does no damage.
You closely miss the goblin.
Your shadow imp hits the goblin.
The goblin dies!
The goblin misses you.
Something closely misses your shadow imp.
Robin throws the goblin at you! The goblin hits you.
* * * LOW HITPOINT WARNING * * *
Your shadow imp hits the goblin.
The goblin dies!
You barely miss the goblin. The goblin closely misses you.
The goblin hits you with a club.
* * * LOW HITPOINT WARNING * * *
The goblin hits you with a dagger.
* * * LOW HITPOINT WARNING * * *
The goblin closely misses you.
You hit the goblin.
You kill the goblin!
Robin hits you with an enchanted club!
Ouch! That really hurt!
You die...

...# ..# ..#
######.######
#....)......#
#.####g####.#
#.#..))...#
#.#.##g##.# #.#
#@5.# #
#......)g......
###.#.#...#.#.#
#.#.##.##.# #
... # #.## ...
.#


You could see Robin, 2 goblins and a friendly shadow imp.

Vanquished Creatures
  2 bats (D:1)
  7 goblins
  3 hobgoblins
  A frilled lizard (D:1)
  A kobold (D:1)
  2 rats (D:1)
16 creatures vanquished.

Vanquished Creatures (collateral kills)
  2 goblins (D:2)
2 creatures vanquished.

Grand Total: 18 creatures vanquished

Notes
Turn   | Place    | Note
-------+----------+-------------------------------------------
     0 | D:1      | Iko the Ghoul Summoner began the quest for the Orb.
     0 | D:1      | Reached XP level 1. HP: 14/14 MP: 2/2
   148 | D:1      | Reached XP level 2. HP: 15/22 MP: 1/3
   157 | D:1      | Learned a level 2 spell: Call Imp
   251 | D:2      | Found a sacrificial altar of Ru.
   267 | D:2      | Reached skill level 4 in Summonings
   269 | D:2      | Noticed Robin
   277 | D:2      | Mangled by Robin

Skill      XL: |  1  2 |
---------------+-------+-----
Dodging        | 2 |  2.1
Summonings     | 4 |  4.0
Fighting       | |  0.5
Stealth        | |  2.2
Unarmed Combat | |  0.1
Spellcasting   | |  1.9

Action                   || total
-------------------------++-------
Melee: Hand axe          ||    20
       Unarmed           ||     5
       Dagger            ||     4
       Mace              ||    14
 Cast: Summon Small Mamm ||     3
       Call Imp          ||     1
  Use: Scroll            ||     2
       Potion            ||     1
  Eat: Chunk             ||     5
Armor: Robe              ||    17
Dodge: Dodged            ||    37
